 Seeded DCSS version 0.32-a0-30-gefbe487952 (webtiles) character file.

Game seed: 9872065412798756122 (custom seed)

786 timneilson the Ruffian (level 7, -8/47 HPs)
             Began as an Octopode Shapeshifter on Jan 19, 2024.
             Was an Initiate of Gozag.
             Splashed by a jelly's acid (9 damage)
             ... on level 4 of the Dungeon.
             The game lasted 00:06:36 (3900 turns).

timneilson the Ruffian (Octopode Shapeshifter)      Turns: 3900, Time: 00:06:36

Health: -8/47      AC: -7    Str: 16    XL:     7   Next: 87%
Magic:  0/7        EV: 14    Int: 12    God:    Gozag
Gold:   412        SH:  0    Dex: 11    Spells: 6/6 levels left

rFire   . .          .
                       - Unarmed
rCold   . . .        (no shield)
rNeg    . . .        (helmet currently unavailable)
rPois   .            d - amulet of guardian spirit
rElec   .            (no ring)
rCorr   .            (no ring)
SInv    .            (no ring)
Will    .....        (no ring)
Stlth   +++          (no ring)
HPRegen 0.27/turn    (no ring)
MPRegen 0.10/turn    (no ring)
                     (no ring)

%: guardian spirit
@: about to teleport, beast-form, corroded, invisible
A: beast (slay +2), almost no armour, amphibious, 8 rings, camouflage 1,
gelatinous body 1, (nimble swimmer 1), tentacles
a: Begin Untransformation, Renounce Religion, Potion Petition, Call Merchant,
Bribe Branch


You were on level 4 of the Dungeon.
You worshipped Gozag.
Gozag was aware of your devotion.
You were a hulking beast.
You visited 1 branch of the dungeon, and saw 4 of its levels.

You collected 452 gold pieces.
You paid 40 gold pieces to Gozag.

Inventory:

Jewellery
 d - an amulet of guardian spirit (around mantle)
Talismans
 b - a beast talisman
 c - a flux talisman
 h - a talisman of death
Scrolls
 e - 2 scrolls of revelation
 g - a scroll of fear
 i - 3 scrolls of brand weapon
 k - a scroll of poison
 p - 2 scrolls of fog {unknown}
Potions
 a - a potion of lignification
 f - 2 potions of magic {unknown}
 j - 2 potions of enlightenment
 l - a potion of brilliance
 n - 2 potions of mutation {unknown}
 o - 2 potions of curing {unknown}


   Skills:
 * Level 3.9 Fighting
 * Level 4.3 Dodging
 + Level 3.9 Stealth
 * Level 4.9 Unarmed Combat
 * Level 4.7 Shapeshifting


You had 6 spell levels left.
You didn't know any spells.
Your spell library contained the following spells:

 Spells                   Type           Power      Damage    Failure   Level
 Ensorcelled Hibernation  Hex/Ice        0%         N/A       45%         2
 Passwall                 Erth           0%         N/A       69%         3
 Swiftness                Air            0%         N/A       69%         3


Dungeon Overview and Level Annotations

Branches:
Dungeon (4/15)
 Temple: D:4-7

Altars:
Cheibriados
Dithmenos
Gozag
Nemelex Xobeh
Xom

Shops:
D:1 :

Annotations:
D:4 2 runed translucent doors, Echelon's ghost, amateur DsFi


Innate Abilities, Weirdness & Mutations

You are a hulking beast.
Your limbs bulge with bestial killing power. (Slay +2)
You cannot wear most types of armour.
You are amphibious.
You can wear up to eight rings at the same time.
Your skin changes colour to match your surroundings (Stealth+).
Your rubbery body absorbs attacks. (AC +1, EV +1)
((You are camouflaged when in or above water. (Stealth+)))
You have tentacles for arms and can constrict up to eight enemies at once.


Message History

You open the door.
There is an open door here.
A sleepcap comes into view.
A jelly comes into view.
You fade into invisibility! 2 hobgoblins come into view.
The hobgoblin shouts!
The jelly quivers.
The sleepcap releases spores at you.
You are engulfed in a cloud of soporific spores!
You fall asleep.
The jelly hits you.
You wake up.
The acid corrodes you!
You are splashed with acid!
The hobgoblin shouts!
You tentacle-slap the jelly but do no damage.
Your tentacles burn!
The jelly hits you.
You are splashed with acid!
You tentacle-slap the jelly but do no damage.
The acid corrodes you!
Your tentacles burn!
The sleepcap misses you. The jelly hits you. The acid corrodes you!
You are splashed with acid!
* * * LOW HITPOINT WARNING * * *
Unknown command.
There is an open door here.
The jelly attacks as it pursues you! The jelly barely misses you.
The jelly attacks as it pursues you! The jelly barely misses you.
The jelly attacks as it pursues you! The jelly hits you.
* * * LOW HITPOINT WARNING * * *
You are splashed with acid!
* * * LOW HITPOINT WARNING * * *
The jelly attacks as it pursues you! The jelly hits you.
* * * LOW HITPOINT WARNING * * *
You are splashed with acid!
* * * LOW HITPOINT WARNING * * *
The jelly jiggles.
There is a stone staircase leading up here.
As you read the scroll of teleportation, it crumbles to dust.
You feel strangely unstable. The jelly hits you.
* * * LOW HITPOINT WARNING * * *
You are splashed with acid!
You die...
Your body crumbles into a pile of gold.

.g# #..'...#....#....#..#....
#############.##....#....#..#....
#.............#.....#....####....
#.............#######............
#.............#.....#.)..........
#.............'.....#........^...
...#'###......#+###'#............
...#...######...........######...
...#........'..Jh.......#....#...
...+........#...........#....#...
...#...######...........#....#...
...#...#......############'###...
...#####......#..............#...
...#...#......#..............#...
####...#......#.......)......#...
.......#......#..............'...
.......'......#..............#...


You could see a jelly.

Vanquished Creatures
  Sigmund (D:3)
  An ogre (D:4)
  A black bear (D:4)
  A centaur (D:4)
  The ghost of Scrimshaw the Insei, an amateur OpSh (D:3)
  A kobold brigand (D:3)
  Blork the orc (D:4)
  2 jellies (D:4)
  2 adders
  A dart slug (D:4)
  2 ribbon worms
  8 orcs
  A bat (D:1)
  10 endoplasms
  A giant cockroach (D:2)
  6 goblins
  8 hobgoblins
  A quokka (D:4)
  2 ball pythons
  2 frilled lizards (D:1)
  12 kobolds
  4 rats
69 creatures vanquished.

Notes
Turn   | Place    | Note
-------+----------+-------------------------------------------
     0 | D:1      | timneilson the Octopode Shapeshifter began the quest for
                  | the Orb.
     0 | D:1      | Reached XP level 1. HP: 13/13 MP: 1/1
   215 | D:1      | Found Logiotz's Book Emporium.
   287 | D:1      | Reached XP level 2. HP: 18/18 MP: 2/2
  1136 | D:2      | Reached skill level 1 in Stealth
  1136 | D:2      | Reached XP level 3. HP: 23/23 MP: 3/3
  1657 | D:2      | Found a faded altar of an unknown god.
  1877 | D:3      | Found a sparkling altar of Nemelex Xobeh.
  1878 | D:3      | Found an opulent altar of Gozag.
  1883 | D:3      | Became a worshipper of Gozag Ym Sagoz the Greedy
  1897 | D:3      | Found a runed translucent gate.
  1897 | D:3      | Found a runed translucent gate.
  1897 | D:3      | Found a runed translucent gate.
  1897 | D:3      | Noticed Scrimshaw's ghost (amateur OpSh)
  1898 | D:3      | Identified the +2 leather armour of Nubi {rElec Regen+}
  2212 | D:3      | Found a shadowy altar of Dithmenos.
  2215 | D:3      | Found a shimmering altar of Xom.
  2339 | D:3      | Noticed a kobold brigand
  2350 | D:3      | Noticed Sigmund
  2368 | D:3      | Killed Sigmund
  2369 | D:3      | Reached XP level 4. HP: 23/30 MP: 2/4
  2369 | D:3      | Reached XP level 5. HP: 26/35 MP: 2/5
  2369 | D:3      | Reached XP level 6. HP: 31/41 MP: 2/6
  2697 | D:3      | Killed Scrimshaw's ghost
  2795 | D:4      | Found a runed translucent door.
  2796 | D:4      | Noticed Echelon's ghost (amateur DsFi)
  2861 | D:4      | Found a snail-covered altar of Cheibriados.
  3075 | D:4      | Noticed a black bear
  3088 | D:4      | Killed a black bear
  3089 | D:4      | Reached XP level 7. HP: 19/46 MP: 3/7
  3294 | D:4      | Found a runed translucent door.
  3741 | D:4      | Noticed Blork the orc
  3747 | D:4      | Killed Blork the orc
  3896 | D:4      | HP: 1/47 [acid (6)]
  3900 | D:4      | Splashed by a jelly's acid

Illustrated notes

Levels and vault maps discovered:
D:1:      dpeg_arrival_stone_temple_mockup, layout_loops_corners, serial_shops,
          shop, minmay_split_cup_large
D:2:      layout_basic, chequers_ecumenical_altar_grove, chequers_jeans
D:3:      cheibrodos_thug_alley, layout_rooms, grunt_temple_overflow_opulence,
          grunt_temple_overflow_open, biasface_ghost_orc_armoury, uniq_sigmund
D:4:      minmay_razor_zed, layout_gridville, cheibriados_altar_1,
          ebering_ghost_sewer_f, serial_bayou, serial_bayou_pond_d,
          serial_bayou_shore_b, serial_bayou_pond_a, serial_bayou_shore_b,
          uniq_blork_the_orc

Skill      XL: |  1  2  3  4  5  6  7 |
---------------+----------------------+-----
Stealth        | 1 2 3 |  3.9
Fighting       | 2 3 |  3.9
Dodging        | 3 4 |  4.3
Unarmed Combat | 4 |  4.9
Shapeshifting  | 4 |  4.7

Action                     |  1- 3 |  4- 6 |  7- 9 || total
---------------------------+-------+-------+-------++-------
  Melee: Unarmed           |    69 |    45 |    52 ||   166
         Constrict         |    14 |     8 |     5 ||    27
         Tentacles         |    15 |    12 |     9 ||    36
         Punch             |     1 |     2 |       ||     3
    Use: Scroll            |    13 |       |     1 ||    14
         Potion            |     1 |       |     3 ||     4
   Stab: Sleeping          |     9 |     2 |       ||    11
         Invisible         |     2 |       |     2 ||     4
         Distracted        |       |     1 |       ||     1
 Armour: Skin              |    15 |    17 |    36 ||    68
  Dodge: Dodged            |    31 |    25 |    51 ||   107

Table legend: (Time is in decaauts)
 A = Elapsed time spent in this place.
 B = Non-inter-level travel time spent in this place.
 C = Inter-level travel time spent in this place.
 D = Time resting spent in this place.
 E = Time spent auto-exploring this place.
 F = Levels seen in this place.
 G = Mean time per level.
                   A        B        C        D        E       F      G
               +--------+--------+--------+--------+--------+-----+--------+
         Total |   3886 |   3702 |    184 |    132 |   2717 |   4 |  971.5 |
       Dungeon |   3886 |   3702 |    184 |    132 |   2717 |   4 |  971.5 |
               +--------+--------+--------+--------+--------+-----+--------+

Top non-repeatable levels by time:
     D:4: 1103 daAuts
     D:3: 951 daAuts
     D:1: 948 daAuts
     D:2: 884 daAuts
